 Dungeon Crawl Stone Soup version 0.27.1-33-g824d729ab1 (webtiles) character file.

Game seed: 10342933584117101794

310 demibob the Cleaver (level 6, -1/50 HPs)
             Began as a Hill Orc Gladiator on Dec 9, 2021.
             Slain by a gnoll (8 damage)
             ... on level 3 of the Dungeon.
             The game lasted 00:04:16 (3906 turns).

demibob the Cleaver (Hill Orc Gladiator)            Turns: 3906, Time: 00:04:16

Health: -1/50      AC:  6    Str: 18      XL:     6   Next: 41%
Magic:  6/6        EV: 11    Int:  8      God:
Gold:   141        SH:  0    Dex: 12 (13) Spells: 5/5 levels left

rFire    . . .     SeeInvis .   a - +0 war axe
rCold    . . .     Faith    .   (no shield)
rNeg     . . .     Spirit   .   k - +0 ring mail
rPois    +         Reflect  .   c - +0 helmet
rElec    .         Harm     .   (no cloak)
rCorr    .         Rampage  .   (no gloves)
Will     .....                  (no boots)
Stlth    +.........             (no amulet)
HPRegen  0.16/turn              P - ring of poison resistance
MPRegen  0.10/turn              (no ring)

@: no status effects
A: poison resistance, noise suppression
a: no special abilities


You were on level 3 of the Dungeon.
You visited 1 branch of the dungeon, and saw 4 of its levels.

You collected 141 gold pieces.


Innate Abilities, Weirdness & Mutations

Your system is resistant to poisons. (rPois)
You passively dampen the noise of your surroundings.


   Skills:
 - Level 2.4 Fighting
 + Level 9.1 Axes
 - Level 1.7 Throwing
 + Level 1.0 Armour
 - Level 2.4 Dodging


You had 5 spell levels left.
You didn't know any spells.
Your spell library was empty.

Inventory:

Hand Weapons
 a - a +0 war axe (weapon)
Missiles
 d - 3 throwing nets (quivered) {=f}
Armour
 c - a +0 helmet (worn)
 k - a +0 ring mail (worn)
Jewellery
 P - a ring of poison resistance (left hand)
Scrolls
 j - 2 scrolls of vulnerability
 m - a scroll of teleportation {@r2}
Potions
 e - 2 potions of attraction
 i - a potion of ambrosia

Dungeon Overview and Level Annotations

Branches:
Dungeon (4/15)
 Temple: D:4-7

Altars:
Fedhas
Hepliaklqana

Annotations:
D:3 3 runed translucent doors, ces's ghost, amateur SpBr

...................#
.####.#..........#.#
.# #.#..#....#..#.#
.####.#..#.#.....#.#
...##.#...[......#.#
...##.##.#.......#.#
...##.##.#....#..#.##
.####.##.####....[..#
## #..........g@####
####.#######.# #.#
#.# #.# #.# ##### #.#
#.# ##...###.# #.#
#.....##(# #.#
.......#.#### #.#
.......#....####.#


You could see a gnoll.


Message History

You hit the gnoll.
The gnoll hits you from afar with a +0 halberd.
The gnoll barely misses you.
A gnoll comes into view. It is wielding a +0 club.
The gnoll shaman hits you with a +0 club.
The gnoll hits you but does no damage. The gnoll barely misses you.
The gnoll hits you from afar with a +0 halberd of freezing!
* * * LOW HITPOINT WARNING * * *
The gnoll freezes you.
* * * LOW HITPOINT WARNING * * *
The gnoll shaman calls upon its god to heal the gnoll.
The gnoll's wounds heal themselves!
The gnoll shouts!
The gnoll throws a throwing net.
The throwing net hits you.
You become entangled in the net!
There is a stone staircase leading up here.
You see here a throwing net {=f}.
You struggle against the net.
You struggle against the net.
The gnoll barely misses you.
You shred the net and break free! The gnoll barely misses you.
The gnoll closely misses you. The gnoll hits you with a +0 flail!
* * * LOW HITPOINT WARNING * * *
You climb upwards.
Level annotation: 3 runed translucent doors, ces's ghost, amateur SpBr
There is a stone staircase leading down here.
You closely miss the gnoll. The gnoll barely misses you.
You barely miss the gnoll. The gnoll hits you with a +0 flail!
You die...

Skill      XL: |  1  2  3  4  5  6 |
---------------+-------------------+-----
Axes           | 5 6 7 8 9 |  9.1
Armour         | 1 |  1.0
Fighting       | |  2.4
Throwing       | |  1.7
Dodging        | |  2.4

Action                   |  1- 3 |  4- 6 || total
-------------------------+-------+-------++-------
Melee: War axe           |    83 |   176 ||   259
  Use: Scroll            |     1 |     6 ||     7
       Potion            |     5 |     7 ||    12
Armor: Leather armour    |    17 |       ||    17
       Ring mail         |    21 |    67 ||    88
       Skin              |       |    34 ||    34
Dodge: Dodged            |    77 |   114 ||   191

Levels and vault maps discovered:
D:1:      lightli_molten_gateway, layout_basic
D:2:      layout_loops_ring, basic_ecumenical_altar, corexii_hall_statues_x,
          minivault_11
D:3:      kennysheep_six_static_rooms, layout_basic, marbit_many_paths,
          lemuel_doored_altar, gammafunk_ghost_split, uniq_jessica
D:4:      layout_loops_ring, overflow_temple_1_default,
          kennysheep_generic_room_4, uniq_grinder

Notes
Turn   | Place    | Note
-------+----------+-------------------------------------------
     0 | D:1      | demibob the Hill Orc Gladiator began the quest for the Orb.
     0 | D:1      | Reached XP level 1. HP: 18/18 MP: 1/1
   237 | D:1      | Reached XP level 2. HP: 21/25 MP: 2/2
   494 | D:1      | Reached skill level 5 in Axes
   941 | D:2      | Reached XP level 3. HP: 21/30 MP: 3/3
  1111 | D:2      | Identified a potion of resistance
  1125 | D:2      | Reached skill level 6 in Axes
  1131 | D:2      | Reached XP level 4. HP: 19/37 MP: 4/4
  1498 | D:2      | Found a faded altar of an unknown god.
  1912 | D:3      | Found a runed translucent gate.
  1912 | D:3      | Found a runed translucent gate.
  1912 | D:3      | Found a runed translucent gate.
  1914 | D:3      | Noticed ces's ghost (amateur SpBr)
  1947 | D:3      | Reached skill level 7 in Axes
  2116 | D:3      | Reached XP level 5. HP: 6/42 MP: 5/5
  2628 | D:3      | Reached skill level 8 in Axes
  3053 | D:3      | Gained mutation: You passively dampen the noise of your
                  | surroundings. [potion of mutation]
  3053 | D:3      | Gained mutation: Your system is resistant to poisons.
                  | (rPois) [potion of mutation]
  3073 | D:3      | Reached XP level 6. HP: 16/50 MP: 6/6
  3398 | D:3      | Noticed Jessica
  3402 | D:3      | Killed Jessica
  3403 | D:3      | Reached skill level 9 in Axes
  3437 | D:3      | Found a hazy altar of Hepliaklqana.
  3516 | D:3      | Found a blossoming altar of Fedhas.
  3592 | D:3      | Reached skill level 1 in Armour
  3906 | D:3      | Slain by a gnoll

Vanquished Creatures
  Jessica (D:3)
  2 orc wizards (D:3)
  10 gnolls
  6 adders
  A worm (D:3)
  2 dart slugs
  8 orcs (D:3)
  4 bats
  3 endoplasms
  5 giant cockroaches
  4 hobgoblins
  4 jackals (D:3)
  6 quokkas
  3 ball pythons
  A frilled lizard (D:3)
  5 goblins
  8 kobolds
  4 rats
77 creatures vanquished.

Table legend: (Time is in decaauts)
 A = Elapsed time spent in this place.
 B = Non-inter-level travel time spent in this place.
 C = Inter-level travel time spent in this place.
 D = Time resting spent in this place.
 E = Time spent auto-exploring this place.
 F = Levels seen in this place.
 G = Mean time per level.
                   A        B        C        D        E       F      G
               +--------+--------+--------+--------+--------+-----+--------+
         Total |   3945 |   3884 |     61 |    834 |   2435 |   4 |  986.2 |
       Dungeon |   3945 |   3884 |     61 |    834 |   2435 |   4 |  986.2 |
               +--------+--------+--------+--------+--------+-----+--------+

Top non-repeatable levels by time:
     D:3: 1979 daAuts
     D:2: 1087 daAuts
     D:1: 846 daAuts
     D:4: 32 daAuts

Table legend:
 A = Non-vault XP
 B = Vault XP
 C = Vault XP percentage of total XP
 D = Non-vault monster count
 E = Vault monster count
 F = Vault count percentage of total count
                 A         B        C        D         E       F
            +---------+---------+-------+---------+---------+-------
      Total |     382 |      61 |  13.8 |      69 |       8 |  10.4
            +---------+---------+-------+---------+---------+-------
        D:1 |      20 |       0 |   0.0 |      12 |       0 |   0.0
        D:2 |     108 |       0 |   0.0 |      24 |       0 |   0.0
        D:3 |     254 |      61 |  19.4 |      33 |       8 |  19.5
            +---------+---------+-------+---------+---------+-------
